 Dungeon Sprint DCSS version 0.31-a0-986-g5e6e4ef867 (webtiles) character file.

Game seed: 6741341524239107000

1299 zazu2006 the Blocker (level 8, -4/68 HPs)
             Began as a Gnoll Wanderer on Nov 3, 2023.
             Was a Believer of Vehumet.
             Slain by a two-headed ogre
             ... wielding a +0 giant club
              (28 damage)
             ... in the Dungeon (Sprint III: "The Ten Rune Challenge").
             The game lasted 00:03:53 (1235 turns).

zazu2006 the Blocker (Gnoll Wanderer)               Turns: 1235, Time: 00:03:53

Health: -4/68      AC: 10    Str: 11    XL:     8   Next: 56%
Magic:  19/19      EV: 11    Int: 12    God:    Vehumet [**....]
Gold:   50         SH:  0    Dex: 14    Spells: 20/21 levels left

rFire   . . .        j - +4 quarterstaff (chaos)
rCold   . . .        (shield currently unavailable)
rNeg    . . .        c - +0 scale mail
rPois   .            (no helmet)
rElec   .            l - +0 cloak
rCorr   .            (no gloves)
SInv    .            (no boots)
Will    .....        (no amulet)
Stlth   ++           (no ring)
HPRegen 0.31/turn    (no ring)
MPRegen 0.16/turn

%: no teleportation
@: no status effects
A: fangs 1, strong nose, distributed training
a: Renounce Religion


You were in the Dungeon.
You worshipped Vehumet.
Vehumet was pleased with you.
You visited 1 branch You collected 50 gold pieces.

Inventory:

Hand Weapons
 a - a +0 dagger
 j - a +4 quarterstaff of chaos (weapon)
 s - a +1 long sword of holy wrath
Armour
 c - a +0 scale mail (worn)
 e - a +2 buckler
 l - a +0 cloak (worn)
Wands
 t - a wand of flame (13)
Scrolls
 b - a scroll of silence
 d - a scroll of teleportation
 k - a scroll of blinking
 n - 2 scrolls of poison {unknown}
 o - a scroll of identify {unknown}
 q - a scroll of torment {unknown}
Potions
 f - a potion of curing
 h - a potion of haste
 i - 2 potions of magic
 m - 7 potions of mutation
 p - a potion of might {unknown}
 r - a potion of enlightenment {unknown}


   Skills:
 + Level 8.2 Fighting
 + Level 6.7 Short Blades
 + Level 6.7 Long Blades
 + Level 6.7 Axes
 + Level 6.7 Maces & Flails
 + Level 6.7 Polearms
 + Level 6.7 Staves
 + Level 6.7 Ranged Weapons
 + Level 6.7 Throwing
 + Level 9.5 Armour
 + Level 6.7 Dodging
 + Level 6.7 Stealth
 + Level 9.5 Shields
 + Level 6.7 Unarmed Combat
 + Level 7.4 Spellcasting
 + Level 5.6 Conjurations
 + Level 5.6 Hexes
 + Level 5.6 Summonings
 + Level 5.6 Necromancy
 + Level 5.6 Translocations
 + Level 5.6 Transmutations
 + Level 5.6 Fire Magic
 + Level 5.6 Ice Magic
 + Level 5.6 Air Magic
 + Level 5.6 Earth Magic
 + Level 5.6 Poison Magic
 + Level 7.4 Invocations
 + Level 7.3 Evocations
 + Level 6.1 Shapeshifting


You had 20 spell levels left.
You knew the following spells:

 Your Spells              Type           Power      Damage    Failure   Level
a - Magic Dart            Conj           68%        1d6       7%          1

Your spell library contained the following spells:

 Spells                   Type           Power      Damage    Failure   Level
 Static Discharge         Conj/Air       34%        3-5/arc   10%         2
 Searing Ray              Conj           34%        2d5       10%         2
 Fulminant Prism          Conj/Hex       8%         3d6       54%         4


Dungeon Overview and Level Annotations

Branches:
Dungeon (1/1)

Altars:
Cheibriados
Dithmenos
Elyvilon
Fedhas
Gozag
Hepliaklqana
Kikubaaqudgha
Makhleb
Nemelex Xobeh
Okawaru
Qazlal
Ru
Sif Muna
Trog
Uskayaw
Vehumet
Wu Jian
Xom
Yredelemnul
Zin
The Shining One
Jiyva
Lugonu


Innate Abilities, Weirdness & Mutations

You have very sharp teeth.
Your uncanny sense of smell can sniff out nearby items.
Your experience applies equally to all skills.


Message History

The spatial vortex is almost destroyed.
Casting: Magic Dart (safe; 7% risk of failure)
Confirm with . or Enter, or press ? or * to list all spells.
Aiming: Magic Dart (safe; 7% risk of failure)
Press: ? - help, Shift-Dir - straight line, f/p - spatial vortex
Aim: a spatial vortex (almost destroyed, 100% to hit)
The magic dart hits the spatial vortex.
The spatial vortex is almost destroyed.
Casting: Magic Dart (safe; 7% risk of failure)
Confirm with . or Enter, or press ? or * to list all spells.
Aiming: Magic Dart (safe; 7% risk of failure)
Press: ? - help, Shift-Dir - straight line, f/p - spatial vortex
Aim: a spatial vortex (almost destroyed, 100% to hit)
The magic dart hits the spatial vortex.
The spatial vortex dissipates!
Vehumet accepts your kill.
You start resting.
Magic restored.
You open the door.
There is an open door here. 2 two-headed ogres come into view.
The two-headed ogre shouts in stereo!
A two-headed ogre comes into view. It is wielding two +0 giant clubs.
The two-headed ogre shouts in stereo!
You thump the two-headed ogre!
The two-headed ogre seems to grow stronger.
You bite the two-headed ogre, but do no damage.
The two-headed ogre is moderately wounded.
The two-headed ogre hits you with a +0 giant club!!
The two-headed ogre closely misses you.
You sock the two-headed ogre!
The two-headed ogre is heavily wounded.
You barely miss the two-headed ogre.
The two-headed ogre is heavily wounded.
The two-headed ogre misses you.
The two-headed ogre hits you with a +0 giant spiked club!!
You hit the two-headed ogre.
The two-headed ogre seems to speed up.
The two-headed ogre is severely wounded.
The two-headed ogre hits you with a +0 giant club!!
You die...

.#..###'#'###'##∆
'#..#..........#
#...'.⌠........#∆∆∆
∆∆ #...#...######'#∆
∆ ....#.⌠.#__#...# #
# ....#...#__#...#
.#.#
....#'###__#...##
#..
....#.).#__#...'##O#
....#___#__'...#@OO#
▓▓▓▓▓▓▓▓▓▓▓▓▓▓▓▓▓▓▓▓


You could see 3 two-headed ogres.

Vanquished Creatures
  A deep elf pyromancer (D)
  A shadow (D)
  A spatial vortex (D)
  A water elemental (D)
  A necrophage (D)
  A jelly (D)
  Crazy Yiuf (D)
  Jessica (D)
  An arcanist (D)
  A necromancer (D)
  3 humans (D)
  A kobold demonologist (D)
  2 endoplasms (D)
  A rat (D)
17 creatures vanquished.

Notes
Turn   | Place    | Note
-------+----------+-------------------------------------------
     0 | D        | zazu2006 the Gnoll Wanderer began the quest for the Orb.
     0 | D        | zazu2006 set off with the following items: a +0 dagger, a
                  | scroll of silence, a +0 scale mail, a scroll of
                  | teleportation, a +2 buckler, a potion of curing, a potion
                  | of heal wounds, a potion of haste, 2 potions of magic, a
                  | potion of berserk rage, a scroll of blinking.
     0 | D        | Reached XP level 1. HP: 20/20 MP: 4/4
    95 | D        | Noticed Jessica
   113 | D        | Killed Jessica
   114 | D        | Reached skill level 1 in Short Blades
   114 | D        | Reached skill level 1 in Long Blades
   114 | D        | Reached skill level 1 in Axes
   114 | D        | Reached skill level 1 in Maces & Flails
   114 | D        | Reached skill level 1 in Polearms
   114 | D        | Reached skill level 1 in Staves
   114 | D        | Reached skill level 1 in Ranged Weapons
   114 | D        | Reached skill level 1 in Throwing
   114 | D        | Reached skill level 1 in Dodging
   114 | D        | Reached skill level 1 in Stealth
   114 | D        | Reached skill level 1 in Unarmed Combat
   114 | D        | Reached skill level 1 in Conjurations
   114 | D        | Reached skill level 1 in Hexes
   114 | D        | Reached skill level 1 in Summonings
   114 | D        | Reached skill level 1 in Necromancy
   114 | D        | Reached skill level 1 in Translocations
   114 | D        | Reached skill level 1 in Transmutations
   114 | D        | Reached skill level 1 in Fire Magic
   114 | D        | Reached skill level 1 in Ice Magic
   114 | D        | Reached skill level 1 in Air Magic
   114 | D        | Reached skill level 1 in Earth Magic
   114 | D        | Reached skill level 1 in Poison Magic
   114 | D        | Reached skill level 1 in Shapeshifting
   114 | D        | Reached XP level 2. HP: 3/26 MP: 6/6
   114 | D        | Reached XP level 3. HP: 3/32 MP: 7/7
   343 | D        | Noticed Crazy Yiuf
   357 | D        | Reached skill level 5 in Fighting
   362 | D        | Killed Crazy Yiuf
   363 | D        | Reached XP level 4. HP: 39/39 MP: 7/9
   412 | D        | Noticed a water elemental
   418 | D        | Killed a water elemental
   419 | D        | Reached XP level 5. HP: 14/46 MP: 9/11
   538 | D        | Found a radiant altar of Vehumet.
   539 | D        | Found a shimmering blue altar of Sif Muna.
   539 | D        | Found an ancient bone altar of Kikubaaqudgha.
   541 | D        | Noticed a sixfirhy
   550 | D        | Became a worshipper of Vehumet
   553 | D        | Learned a level 1 spell: Magic Dart
   673 | D        | Found a glowing silver altar of Zin.
   674 | D        | Found a glowing golden altar of the Shining One.
   674 | D        | Found a white marble altar of Elyvilon.
   674 | D        | Noticed a deep elf pyromancer
   681 | D        | Killed a deep elf pyromancer
   682 | D        | Reached skill level 5 in Short Blades
   682 | D        | Reached skill level 5 in Long Blades
   682 | D        | Reached skill level 5 in Axes
   682 | D        | Reached skill level 5 in Maces & Flails
   682 | D        | Reached skill level 5 in Polearms
   682 | D        | Reached skill level 5 in Staves
   682 | D        | Reached skill level 5 in Ranged Weapons
   682 | D        | Reached skill level 5 in Throwing
   682 | D        | Reached skill level 5 in Dodging
   682 | D        | Reached skill level 5 in Stealth
   682 | D        | Reached skill level 5 in Unarmed Combat
   682 | D        | Reached skill level 5 in Shapeshifting
   682 | D        | Reached XP level 6. HP: 33/55 MP: 13/15
   682 | D        | Reached XP level 7. HP: 37/60 MP: 13/16
   781 | D        | Found a shadowy altar of Dithmenos.
   788 | D        | Found a basalt altar of Yredelemnul.
   788 | D        | Found a sacrificial altar of Ru.
   794 | D        | Reached * piety under Vehumet
   794 | D        | Offered knowledge of Foxfire by Vehumet.
   801 | D        | Found a hide-covered altar of Uskayaw.
   801 | D        | Found an iron altar of Okawaru.
   902 | D        | Found a bloodstained altar of Trog.
   902 | D        | Found an ornate altar of the Wu Jian Council.
   902 | D        | Noticed a human
   902 | D        | Noticed a human
   918 | D        | Killed a human
   919 | D        | Reached skill level 5 in Conjurations
   919 | D        | Reached skill level 5 in Hexes
   919 | D        | Reached skill level 5 in Summonings
   919 | D        | Reached skill level 5 in Necromancy
   919 | D        | Reached skill level 5 in Translocations
   919 | D        | Reached skill level 5 in Transmutations
   919 | D        | Reached skill level 5 in Fire Magic
   919 | D        | Reached skill level 5 in Ice Magic
   919 | D        | Reached skill level 5 in Air Magic
   919 | D        | Reached skill level 5 in Earth Magic
   919 | D        | Reached skill level 5 in Poison Magic
   919 | D        | Reached XP level 8. HP: 36/68 MP: 16/18
  1042 | D        | Noticed a shadow
  1047 | D        | Killed a shadow
  1047 | D        | Reached ** piety under Vehumet
  1047 | D        | Offered knowledge of Static Discharge by Vehumet.
  1150 | D        | Found a blossoming altar of Fedhas.
  1150 | D        | Found a stormy altar of Qazlal.
  1151 | D        | Found a snail-covered altar of Cheibriados.
  1151 | D        | Found a burning altar of Makhleb.
  1151 | D        | Found a hazy altar of Hepliaklqana.
  1151 | D        | Found a shimmering altar of Xom.
  1151 | D        | Found an opulent altar of Gozag.
  1151 | D        | Found a sparkling altar of Nemelex Xobeh.
  1151 | D        | Found a corrupted altar of Lugonu.
  1151 | D        | Found a viscous altar of Jiyva.
  1235 | D        | Slain by a two-headed ogre

Illustrated notes

Levels and vault maps discovered:
D:        dungeon_sprint_mu [sprint_mu_entry_cave, sprint_mu_temple_rooms,
          sprint_mu_d1_spiders, sprint_mu_d2_genie, sprint_mu_d3_branching,
          sprint_mu_orc_legion, sprint_mu_elf_gauntlet, sprint_mu_hive_nellie,
          sprint_mu_lair_fedhas, sprint_mu_vaults_butterflies,
          sprint_mu_slime_circle, sprint_mu_swamp_cave, sprint_mu_snake_twists,
          sprint_mu_blade_basic, sprint_mu_crypt_chambers,
          sprint_mu_tomb_spiral, sprint_mu_vestibule_basic,
          sprint_mu_gehenna_hellfire, sprint_mu_dis_giant,
          sprint_mu_tartarus_statrot, sprint_mu_cocytus_islands, sprint_mu_zot1]

Skill      XL: |  1  2  3  4  5  6  7  8 |
---------------+-------------------------+-----
Short Blades   | 1 2 3 5 6 |  6.7
Long Blades    | 1 2 3 5 6 |  6.7
Axes           | 1 2 3 5 6 |  6.7
Maces & Flails | 1 2 3 5 6 |  6.7
Polearms       | 1 2 3 5 6 |  6.7
Staves         | 1 2 3 5 6 |  6.7
Ranged Weapons | 1 2 3 5 6 |  6.7
Throwing       | 1 2 3 5 6 |  6.7
Dodging        | 1 2 3 5 6 |  6.7
Stealth        | 1 2 3 5 6 |  6.7
Unarmed Combat | 1 2 3 5 6 |  6.7
Spellcasting   | 3 4 6 7 |  7.4
Conjurations   | 1 2 4 5 |  5.6
Hexes          | 1 2 4 5 |  5.6
Summonings     | 1 2 4 5 |  5.6
Necromancy     | 1 2 4 5 |  5.6
Translocations | 1 2 4 5 |  5.6
Transmutations | 1 2 4 5 |  5.6
Fire Magic     | 1 2 4 5 |  5.6
Ice Magic      | 1 2 4 5 |  5.6
Air Magic      | 1 2 4 5 |  5.6
Earth Magic    | 1 2 4 5 |  5.6
Poison Magic   | 1 2 4 5 |  5.6
Invocations    | 2 3 6 7 |  7.4
Evocations     | 3 4 6 7 |  7.3
Shapeshifting  | 1 2 3 5 6 |  6.1
Fighting       | 5 7 8 |  8.2
Armour         | 7 8 9 |  9.5
Shields        | 7 8 9 |  9.5

Action                     |  1- 3 |  4- 6 |  7- 9 || total
---------------------------+-------+-------+-------++-------
  Melee: Dagger            |    46 |       |       ||    46
         Bite              |     9 |     1 |     4 ||    14
         Quarterstaff      |       |    17 |    49 ||    66
   Cast: Magic Dart        |       |       |    11 ||    11
    Use: Potion            |     1 |       |     2 ||     3
 Armour: Scale mail        |    23 |    12 |    35 ||    70
  Dodge: Dodged            |     5 |     9 |    24 ||    38
  Block: Buckler           |    10 |       |       ||    10

Table legend: (Time is in decaauts)
 A = Elapsed time spent in this place.
 B = Non-inter-level travel time spent in this place.
 C = Inter-level travel time spent in this place.
 D = Time resting spent in this place.
 E = Time spent auto-exploring this place.
 F = Levels seen in this place.
 G = Mean time per level.
                   A        B        C        D        E       F      G
               +--------+--------+--------+--------+--------+-----+--------+
         Total |   1246 |   1246 |      0 |    846 |    132 |   1 | 1246.0 |
       Dungeon |   1246 |   1246 |      0 |    846 |    132 |   1 | 1246.0 |
               +--------+--------+--------+--------+--------+-----+--------+

Top non-repeatable levels by time:
       D: 1246 daAuts
